 Dungeon Crawl Stone Soup version 0.26-a0-540-g8a0c9464d7 (webtiles) character file.

Game seed: 5138480109924969346

62 MisterFreud the Slasher (level 3, -6/31 HPs)
             Began as a Palentonga Fighter on Aug 15, 2020.
             Mangled by an iguana (8 damage)
             ... on level 2 of the Dungeon.
             The game lasted 00:02:27 (1460 turns).

MisterFreud the Slasher (Palentonga Fighter)        Turns: 1460, Time: 00:02:28

Health: -6/31      AC:  7    Str: 20    XL:     3   Next: 85%
Magic:  3/3        EV:  5    Int:  8    God:
Gold:   47         SH:  8    Dex:  9    Spells: 2/2 levels left

rFire    . . .     SeeInvis +   a - +0 long sword
rCold    . . .     Faith    .   c - +0 kite shield
rNeg     . . .     Spirit   .   b - +0 scale mail
rPois    .         Reflect  .   (no helmet)
rElec    .         Harm     .   (no cloak)
rCorr    +                      g - +0 pair of gloves
MR       .....                  (boots restricted)
Stlth    ..........             (no amulet)
HPRegen  0.10/turn              q - ring of resist corrosion
MPRegen  0.08/turn              (no ring)

@: no status effects
A: large, rugged brown scales 3, see invisible, deformed body, roll, armoured
tail
a: Rolling Charge


You were on level 2 of the Dungeon.
You visited 1 branch of the dungeon, and saw 2 of its levels.

You collected 47 gold pieces.

Inventory:

Hand Weapons
 a - a +0 long sword (weapon)
Armour
 b - a +0 scale mail (worn)
 c - a +0 kite shield (worn)
 g - a +0 pair of gloves (worn)
Jewellery
 q - a ring of resist corrosion (left hand)
Scrolls
 f - a scroll of fog {unknown}
 h - a scroll of random uselessness {unknown}
 i - a scroll of magic mapping {unknown}
 j - a scroll of fear {unknown}
 k - a scroll of amnesia {unknown}
 m - a scroll of identify {unknown}
 n - a scroll of enchant weapon {unknown}
 o - a scroll of blinking {unknown}
 p - a scroll of remove curse {unknown}
Potions
 d - a potion of might
 e - a potion of flight {unknown}
 l - a potion of ambrosia {unknown}
 r - a potion of heal wounds {unknown}


   Skills:
 - Level 3.0 Fighting
 + Level 4.2 Long Blades
 - Level 2.4 Armour
 - Level 2.4 Shields


You had 2 spell levels left.
You didn't know any spells.
Your spell library was empty.

Dungeon Overview and Level Annotations

Branches:
Dungeon (2/15)

Altars:


Innate Abilities, Weirdness & Mutations

You are completely covered in rugged brown scales. (AC +3, +7% HP)
You have supernaturally acute eyesight. (SInv)
Armour fits poorly on your strangely shaped body.
You can roll at foes to attack.
You have a long armoured tail.


Message History

You roll forward with a clatter of scales!
You barely miss the iguana.
You hear a shout!
The iguana barely misses you.
The iguana hisses menacingly.
The iguana bites you.
Your shield prevents you from hitting the iguana.
The iguana bites you.
You closely miss the iguana. You block the iguana's attack.
You hit the iguana but do no damage. The iguana bites you.
You slash the iguana!
The iguana is heavily wounded.
The iguana bites you!
A goblin comes into view.
The iguana bites you!
* * * LOW HITPOINT WARNING * * *
You hit the iguana but do no damage.
The iguana is heavily wounded.
The iguana bites you!
You die...

.............# ...
.............#####....
##.####.#.##.....#...
##.####.#.##.......#..
...†.................
##.####.#.##.....#.###
...# #..........<....
####
#....##...###########
....
.....g...wl@.........
.###
.....##...####.######
.... .. #...# .# .# .
#..l# .# .# #...# .#
.# #.... $# .# #.....
.# .# ....... .# .#
#....w...


You could see an iguana, a dart slug and a goblin.

Vanquished Creatures
  2 adders (D:2)
  2 dart slugs
  A leopard gecko (D:1)
  A ball python (D:2)
  4 giant cockroaches
  4 goblins
  2 hobgoblins
  7 jackals (D:1)
  2 kobolds (D:1)
  4 bats
  4 frilled lizards
  3 rats
36 creatures vanquished.

Notes
Turn   | Place    | Note
-------+----------+-------------------------------------------
     0 | D:1      | MisterFreud the Palentonga Fighter began the quest for the
                  | Orb.
     0 | D:1      | Reached XP level 1. HP: 19/19 MP: 1/1
   206 | D:1      | Reached XP level 2. HP: 10/25 MP: 2/2
   535 | D:1      | Reached skill level 3 in Long Blades
   874 | D:1      | Reached XP level 3. HP: 30/31 MP: 3/3
  1141 | D:2      | Reached skill level 4 in Long Blades
  1460 | D:2      | Mangled by an iguana

Illustrated notes

Levels and vault maps discovered:
D:1:      shiori_arrival_maze, layout_basic
D:2:      minmay_chambers_of_twos, layout_basic,
          nicolae_qazlal_eye_of_the_storm, elyvilon_altar_3, uniq_terence

Skill      XL: |  1  2  3 |
---------------+----------+-----
Long Blades    | 3 4 |  4.2
Fighting       | |  3.0
Armour         | |  2.4
Shields        | |  2.4

Action                   || total
-------------------------++-------
Melee: Long sword        ||   131
       Tailslap          ||     6
 Abil: Rolling Charge    ||     5
Armor: Scale mail        ||    84
Dodge: Dodged            ||    35
Block: Kite shield       ||    62
       Rpst.: Long sword ||    13

Table legend: (Time is in decaauts)
 A = Elapsed time spent in this place.
 B = Non-inter-level travel time spent in this place.
 C = Inter-level travel time spent in this place.
 D = Time resting spent in this place.
 E = Time spent auto-exploring this place.
 F = Levels seen in this place.
 G = Mean time per level.
                   A        B        C        D        E       F      G
               +--------+--------+--------+--------+--------+-----+--------+
         Total |   1500 |   1492 |      8 |    401 |    756 |   2 |  750.0 |
       Dungeon |   1500 |   1492 |      8 |    401 |    756 |   2 |  750.0 |
               +--------+--------+--------+--------+--------+-----+--------+

Top non-repeatable levels by time:
     D:1: 1107 daAuts
     D:2: 392 daAuts
